 Dungeon Crawl Stone Soup version 0.20.0-15-g7f486f2 (webtiles) character file.

7747 Chiseanne the Fighter (level 11, 90/90 HPs)
             Began as a Demonspawn Wanderer on June 24, 2017.
             Was a Priest of Makhleb.
             Quit the game on level 11 of the Dungeon.
             The game lasted 00:20:05 (8443 turns).

Chiseanne the Fighter (Demonspawn Wanderer)         Turns: 8443, Time: 00:20:06

Health: 90/90      AC: 16    Str: 19    XL:     11   Next: 0%
Magic:  15/17      EV: 15    Int: 13    God:    Makhleb [***...]
Gold:   569        SH: 16    Dex: 15    Spells: 10/10 levels left

rFire    + + .     SeeInvis .   a - +0 war axe (venom)
rCold    + . .     Gourm    .   I - +6 shield of Umyerong {+Fly rF+ Str+7 Int-2}
rNeg     . . .     Faith    .   n - +3 leather armour {rF+}
rPois    +         Spirit   +   t - +2 hat
rElec    .         Reflect  .   (no cloak)
rCorr    .         Harm     .   q - +2 pair of gloves
MR       .....                  G - +0 pair of boots
Stlth    ++........             i - amulet of regeneration
Regen    0.7/turn               E - ring of protection from cold
MPRegen  0.2/turn               F - ring of poison resistance

@: no status effects
A: antennae 1, thin metallic scales 2, spiny 2, magic shield
a: Minor Destruction, Lesser Servant of Makhleb, Renounce Religion, Evoke Flight


You were on level 11 of the Dungeon.
You worshipped Makhleb.
Makhleb was most pleased with you.
You were not hungry.

You visited 2 branches of the dungeon, and saw 12 of its levels.

You collected 569 gold pieces.

Inventory:

Hand Weapons
 a - a +0 war axe of venom (weapon)
 d - a +1 eveningstar of draining
 s - a +1 war axe of electrocution
 K - a +0 blowgun
Missiles
 b - 7 silver javelins
 e - 11 tomahawks (quivered)
 h - 122 arrows
 o - 82 sling bullets
 y - 56 poisoned needles
 A - 19 bolts
 C - 8 needles of confusion
Armour
 n - a +3 leather armour of fire resistance (worn)
 q - a +2 pair of gloves (worn)
 t - a +2 hat (worn)
 G - a +0 pair of boots (worn)
 I - the +6 shield of Umyerong (worn) {+Fly rF+ Str+7 Int-2}
   (You acquired it on level 8 of the Dungeon)

   It affects your strength (+7).
   It affects your intelligence (-2).
   It protects you from fire.
   It lets you fly.
 L - a +3 scale mail of cold resistance
Jewellery
 i - an amulet of regeneration (around neck)
 E - a ring of protection from cold (left hand)
 F - a ring of poison resistance (right hand)
Scrolls
 c - 4 scrolls of teleportation
 g - 3 scrolls of fog
 p - 5 scrolls of remove curse
 v - 4 scrolls of fear
Potions
 k - 2 potions of lignification
 l - 2 potions of haste
 m - 3 potions of agility
 r - a potion of flight
 u - 5 potions of curing
 x - 3 potions of magic
 z - 2 potions of brilliance
 B - a potion of mutation
 J - 2 potions of heal wounds
Books
 H - a book of Changes

   Spells                             Type                      Level
   a - Beastly Appendage              Transmutation                1
   b - Sticks to Snakes               Transmutation                2
   c - Spider Form                    Transmutation/Poison         3
   d - Ice Form                       Ice/Transmutation            4
   e - Blade Hands                    Transmutation                5
Comestibles
 f - 6 bread rations
 j - 7 meat rations
 w - 5 royal jellies
 D - 22 fruits
 M - 3 chunks of flesh


   Skills:
 * Level 9.8 Fighting
   Level 1.0 Long Blades
 - Level 6.1 Armour
 * Level 8.3 Dodging
 - Level 1.7 Stealth
 * Level 5.8 Shields
 * Level 8.5 Invocations
 - Level 1.0 Evocations


You had 10 spell levels left.
You didn't know any spells.

Dungeon Overview and Level Annotations

Branches:
Dungeon (11/15)            Temple (1/1) D:7            Lair (0/6) D:9
    Orc (0/2) D:10

Altars:
Ashenzari
Cheibriados
Dithmenos
Elyvilon
Fedhas
Gozag
Hepliaklqana
Kikubaaqudgha
Makhleb
Nemelex Xobeh
Okawaru
Qazlal
Ru
Sif Muna
Trog
Uskayaw
Vehumet
Xom
Yredelemnul
Zin
The Shining One


Innate Abilities, Weirdness & Mutations

You have a pair of small antennae on your head.
You are mostly covered in thin metallic scales. (AC +3)
You are mostly covered in sharp spines.
When hurt, damage is shared between your health and your magic reserves.


Message History

You hit the wolf but do no damage.
The wolf is poisoned.
The wolf bites you but does no damage. The wolf bites you.
You closely miss the wolf.
The wolf is moderately wounded.
You block the wolf's attack. The wolf is struck by your spines.
The wolf bites you. You block the wolf's attack.
You slash the wolf!
You kill the wolf!
Makhleb accepts your kill.
You feel better.
You have reached level 11!
Your demonic ancestry asserts itself...
A pair of antennae grows on your head!
Items here: ) [ †† an enchanted glaive; an animal skin; a wolf corpse; the gnoll corpse of Grum You butcher the wolf corpse.
M - 3 chunks of flesh
Things that are here:
an enchanted glaive; an animal skin; the gnoll corpse of Grum Are you sure you want to abandon this character and quit the game? (Confirm with "yes".)

##########
###.>.....).
##...########
#$#######.###.#
#...@.....# #.#
#########.###.#
##...## #####


There were no monsters in sight!

Vanquished Creatures
  Snorg (D:10)
  Urug (D:10)
  A centaur zombie (D:10)
  A kobold demonologist (D:9)
  A troll (D:9)
  A wyvern (D:8)
  3 yaks (D:9)
  Grum (D:11)
  A hungry ghost (D:7)
  A steam dragon (D:10)
  2 porcupines (D:9)
  7 orc warriors
  2 ice beasts
  A sky beast (D:11)
  2 black bears
  4 ogres
  2 phantoms
  4 wolves (D:11)
  3 centaurs
  A big kobold (D:9)
  4 bullfrogs
  A gnoll sergeant (D:9)
  A wyvern zombie (D:10)
  5 scorpions
  6 crimson imps
  3 orc priests
  A centaur skeleton (D:4)
  5 hounds
  A gnoll shaman (D:8)
  A jelly (D:9)
  3 iguanas
  15 orc wizards
  9 worker ants
  A hound skeleton (D:5)
  4 gnolls (D:9)
  2 howler monkey skeletons
  14 adders
  A shadow imp (D:10)
  An adder zombie (D:7)
  2 adder skeletons
  2 dart slugs
  4 leopard geckos
  35 orcs
  A giant cockroach (D:6)
  4 goblins
  4 hobgoblins
  4 jackals (D:6)
  9 kobolds
  6 quokkas
  2 ball pythons
  7 bats
  5 frilled lizards
  2 leopard gecko zombies
  A quokka skeleton (D:4)
  4 rats
  4 fungi (D:9)
214 creatures vanquished.

Vanquished Creatures (collateral kills)
  A hound skeleton (D:5)
  An adder (D:5)
  4 orcs (D:5)
6 creatures vanquished.

Grand Total: 220 creatures vanquished

Notes
Turn   | Place    | Note
-------+----------+-------------------------------------------
     0 | D:1      | Chiseanne the Demonspawn Wanderer began the quest for the Orb.
     0 | D:1      | Chiseanne set off with: a +2 scale mail, a +0 mace, a scroll of teleportation, a +0 dagger, a bread ration
     0 | D:1      | Reached XP level 1. HP: 19/19 MP: 1/1
   179 | D:1      | Gained mutation: You are partially covered in thin metallic scales. (AC +2) [demonic ancestry]
   179 | D:1      | Reached XP level 2. HP: 25/25 MP: 2/2
   946 | D:2      | Reached skill level 1 in Dodging
   946 | D:2      | Gained mutation: When hurt, damage is shared between your health and your magic reserves. [demonic ancestry]
   946 | D:2      | Reached XP level 3. HP: 20/31 MP: 3/3
  1636 | D:3      | Found a blossoming altar of Fedhas.
  1764 | D:3      | Reached XP level 4. HP: 33/38 MP: 2/4
  2047 | D:3      | Found a stormy altar of Qazlal.
  2738 | D:4      | Found a glowing golden altar of the Shining One.
  2755 | D:4      | Reached XP level 5. HP: 39/43 MP: 5/5
  2982 | D:4      | Reached skill level 5 in Fighting
  3184 | D:4      | Gained mutation: You are mostly covered in thin metallic scales. (AC +3) [demonic ancestry]
  3184 | D:4      | Reached XP level 6. HP: 34/51 MP: 4/6
  3274 | D:4      | Found a basalt altar of Yredelemnul.
  3276 | D:4      | Noticed a profane servitor
  3454 | D:4      | Noticed an angel
  3508 | D:5      | Entered Level 5 of the Dungeon
  3909 | D:5      | Gained mutation: You are partially covered in sharp spines. [demonic ancestry]
  3909 | D:5      | Reached XP level 7. HP: 52/57 MP: 5/7
  4233 | D:5      | Reached skill level 6 in Fighting
  4246 | D:6      | Reached skill level 5 in Armour
  4501 | D:6      | Reached XP level 8. HP: 65/65 MP: 8/8
  5021 | D:7      | Reached skill level 5 in Dodging
  5159 | D:7      | Reached skill level 7 in Fighting
  5198 | D:7      | Found a staircase to the Ecumenical Temple.
  5222 | Temple   | Entered the Ecumenical Temple
  5348 | Temple   | Became a worshipper of Makhleb the Destroyer
  5802 | D:8      | Reached skill level 1 in Invocations
  5966 | D:8      | Identified a scroll of acquirement
  5967 | D:8      | Got a bloodstained shield
  5968 | D:8      | Identified the +6 shield of Umyerong {+Fly rF+ Str+7 Int-2} (You acquired it on level 8 of the Dungeon)
  5979 | D:8      | Found a bloodstained altar of Trog.
  6126 | D:8      | Reached skill level 1 in Shields
  6356 | D:9      | Reached XP level 9. HP: 73/73 MP: 11/11
  6392 | D:9      | Reached * piety under Makhleb
  6398 | D:9      | Reached skill level 8 in Fighting
  6547 | D:9      | Reached skill level 5 in Invocations
  6626 | D:9      | Found a staircase to the Lair.
  6713 | D:9      | Noticed a troll
  6724 | D:9      | Killed a troll
  6876 | D:9      | Reached ** piety under Makhleb
  7043 | D:9      | Noticed a kobold demonologist
  7044 | D:9      | Noticed an ice devil
  7256 | D:9      | Noticed a red devil
  7264 | D:9      | Killed a kobold demonologist
  7264 | D:9      | Gained mutation: You are mostly covered in sharp spines. [demonic ancestry]
  7264 | D:9      | Reached XP level 10. HP: 82/82 MP: 14/14
  7365 | D:9      | Found a deep blue altar of Sif Muna.
  7378 | D:10     | Entered Level 10 of the Dungeon
  7579 | D:10     | Reached skill level 9 in Fighting
  7621 | D:10     | Noticed Snorg
  7637 | D:10     | Noticed Urug
  7798 | D:10     | Killed Urug
  7848 | D:10     | HP: 4/83 [Snorg (4)]
  7850 | D:10     | Killed Snorg
  7850 | D:10     | Reached skill level 5 in Shields
  8168 | D:10     | Reached *** piety under Makhleb
  8202 | D:10     | Found a staircase to the Orcish Mines.
  8416 | D:11     | Noticed Grum
  8425 | D:11     | Killed Grum
  8439 | D:11     | Gained mutation: You have a pair of small antennae on your head. [demonic ancestry]
  8439 | D:11     | Reached XP level 11. HP: 90/90 MP: 15/17
  8443 | D:11     | Quit the game

Skill      XL: |  1  2  3  4  5  6  7  8  9 10 |
---------------+-------------------------------+-----
Armour         | 2 3 4 5 6 |  6.1
Dodging        | 1 2 3 4 5 7 8 |  8.3
Fighting       | 5 6 7 8 9 |  9.8
Invocations    | 3 6 8 |  8.5
Shields        | 1 4 5 |  5.8
Long Blades    | |  1.0
Stealth        | |  1.7
Evocations     | |  1.0

Action                   |  1- 3 |  4- 6 |  7- 9 | 10-12 || total
-------------------------+-------+-------+-------+-------++-------
Melee: Mace              |   126 |   262 |    14 |       ||   402
       War axe           |       |       |   245 |   176 ||   421
Throw: Tomahawk          |       |       |       |     1 ||     1
  Use: Potion            |     1 |       |       |     5 ||     6
       Scroll            |     3 |    12 |    11 |     3 ||    29
 Stab: Sleeping          |       |       |     4 |     3 ||     7
       Distracted        |       |       |     1 |       ||     1
  Eat: Chunk             |     3 |     7 |    12 |     5 ||    27
Armor: Scale mail        |   110 |   139 |       |       ||   249
       Leather armour    |       |    40 |    90 |    71 ||   201
Dodge: Dodged            |    83 |   171 |   163 |   112 ||   529
Block: Shield            |       |       |   144 |   197 ||   341
